 Dungeon Crawl Stone Soup version 0.31.0-11-ge490571c62 (webtiles) character file.

Game seed: 6027844777867167471

51 qw the Shooter (level 3, 0/18 HPs)
             Began as a Spriggan Hunter on Feb 4, 2024.
             Slain by a gnoll
             ... wielding a +0 halberd
              (14 damage)
             ... on level 3 of the Dungeon.
             The game lasted 00:00:05 (1079 turns).

qw the Shooter (Spriggan Hunter)                    Turns: 1079, Time: 00:00:06

Health: 0/18       AC:  2    Str:  7    XL:     3   Next: 58%
Magic:  4/4        EV: 19    Int: 10    God:
Gold:   169        SH:  0    Dex: 20    Spells: 2/2 levels left

rFire   . . .        a - +0 shortbow
rCold   . . .        (shield currently unavailable)
rNeg    . . .        c - +0 robe
rPois   .            (helmet restricted)
rElec   .            (no cloak)
rCorr   .            (gloves unavailable)
SInv    +            (boots unavailable)
Will    .....        i - amulet of regeneration
Stlth   ++           (no ring)
HPRegen 1.03/turn    (no ring)
MPRegen 0.09/turn

%: no passive effects
@: very quick
A: very small, no large weapons, unfitting armour, see invisible, speed 3
a: no special abilities


You were on level 3 of the Dungeon.
You visited 1 branch of the dungeon, and saw 3 of its levels.

You collected 169 gold pieces.


Innate Abilities, Weirdness & Mutations

You are very small and have problems with some larger weapons.
You are too small for most types of armour.
You have supernaturally acute eyesight. (SInv)
You cover ground extremely quickly. (Speed+++)


   Skills:
 - Level 1.5 Fighting
 + Level 4.8 Ranged Weapons
 - Level 4.0 Dodging
 - Level 1.5 Stealth


You had 2 spell levels left.
You didn't know any spells.
Your spell library was empty.

Inventory:

Hand Weapons
 a - a +0 shortbow (weapon)
Armour
 c - a +0 robe (worn)
Jewellery
 i - an amulet of regeneration (around neck)
Scrolls
 b - 2 scrolls of identify
Potions
 d - a potion of curing
 e - a potion of heal wounds {unknown}
 g - a potion of cancellation
 j - a potion of magic {unknown}

Dungeon Overview and Level Annotations

Branches:
Dungeon (3/15)

Altars:
Qazlal


Message History

A gnoll comes into view. It is wielding a +0 club.
Enter note:
Enter note:
Enter note:
Enter note:
Enter note:
Enter note:
1069 ||| RETREEEEATING.
You shoot an arrow. The gnoll shouts!
The arrow hits the gnoll but does no damage.
The gnoll throws a throwing net.
The throwing net misses you.
Enter note:
Enter note:
Enter note:
1071 ||| RETREEEEATING.
You shoot an arrow. The arrow closely misses the gnoll.
The gnoll throws a throwing net.
The throwing net barely misses you.
You shoot an arrow. The arrow hits the gnoll.
The gnoll is severely wounded.
You shoot an arrow. The arrow hits the gnoll.
You kill the gnoll!
You shoot an arrow. The arrow barely misses the gnoll.
The gnoll hits you from afar with a +0 halberd!
Ouch! That really hurt!
You shoot an arrow.
The arrow hits the gnoll but does no damage.
The gnoll closely misses you.
You shoot an arrow. The arrow barely misses the gnoll.
The arrow hits the gnoll.
The gnoll is moderately wounded.
The gnoll misses you.
You shoot an arrow. The arrow hits the gnoll.
The gnoll is moderately wounded.
The gnoll closely misses you.
You shoot an arrow. The arrow hits the gnoll.
The gnoll is heavily wounded.
The gnoll closely misses you.
The gnoll hits you from afar with a +0 halberd!
Ouch! That really hurt!
You die...

......###............##...
....... .......##...######
.......#####..###.......##
....... ##.##.........##
.......## #..##.##......##
...$..g.###..##.###.....##
...g..)..##.....####......
.....>#g..................
.......##@.(########..<.#.
######.###.## ##....##
#.###.# #..<.### #.###
##.#...# #.##.# # .......#
#....#.# ..: #.# #
.......# ##..###.# ####
#.# # .......####...# #..
#.# . .......##...#.# ##..
.# ............#.# .## .#


You could see 2 gnolls.

Vanquished Creatures
  A gnoll (D:3)
  A dart slug (D:2)
  6 endoplasms
  2 giant cockroaches (D:1)
  3 goblins
  2 hobgoblins
  4 jackals (D:2)
  2 quokkas (D:1)
  A ball python (D:1)
  3 frilled lizards
  5 kobolds
  7 rats
37 creatures vanquished.

Notes
Turn   | Place    | Note
-------+----------+-------------------------------------------
     0 | D:1      | qw the Spriggan Hunter began the quest for the Orb.
     0 | D:1      | Reached XP level 1. HP: 10/10 MP: 2/2
     0 | D:1      | 0 ||| qw: Version: 0.3-a-160-g6735b56
     0 | D:1      | 0 ||| qw: Game counter: 5442
     0 | D:1      | 0 ||| qw: Melee chars always use a shield: true
     0 | D:1      | 0 ||| qw: God list: Okawaru
     0 | D:1      | 0 ||| qw: Allow faded altars: false
     0 | D:1      | 0 ||| qw: Do Orc after clearing Dungeon:15 true
     0 | D:1      | 0 ||| qw: Do second Lair branch before Depths: true
     0 | D:1      | 0 ||| qw: Lair rune preference: random
     0 | D:1      | 0 ||| qw: Goals: Normal
     0 | D:1      | 0 ||| PLANNING D:1-11
    28 | D:1      | Reached skill level 3 in Dodging
    72 | D:1      | Reached XP level 2. HP: 14/14 MP: 3/3
   395 | D:1      | 395 ||| UPGRADING to amulet of regeneration.
   400 | D:1      | 400 ||| READING scroll labelled MUABIAHEHO.
   401 | D:1      | 401 ||| READING scroll labelled PASHRO LUNIOM.
   401 | D:1      | 401 ||| IDENTIFYING fizzy ruby potion
   402 | D:1      | 402 ||| READING scroll labelled HUYC NUANUSAOR.
   403 | D:1      | 403 ||| DROPPING scroll of butterflies.
   404 | D:1      | 404 ||| DROPPING potion of brilliance.
   454 | D:2      | Identified the +9 mace "Gez Ycke" {drain, Will++}
   464 | D:2      | Found a stormy altar of Qazlal.
   471 | D:2      | Reached XP level 3. HP: 18/18 MP: 4/4
   857 | D:2      | 857 ||| DROPPING scarf of invisibility.
   858 | D:2      | 858 ||| READING scroll of identify.
   858 | D:2      | 858 ||| IDENTIFYING viscous green potion
   859 | D:2      | 859 ||| READING scroll labelled MAINOE XIMO.
   860 | D:2      | 860 ||| READING scroll labelled MOUFUC BESK.
   861 | D:2      | 861 ||| READING scroll labelled POMAZIUMME.
   865 | D:2      | 865 ||| DRINKING 2 viscous ruby potions.
  1069 | D:3      | 1069 ||| RETREEEEATING.
  1071 | D:3      | 1071 ||| RETREEEEATING.
  1079 | D:3      | Slain by a gnoll

Levels and vault maps discovered:
D:1:      dpeg_arrival_ratfight, layout_rooms
D:2:      layout_rooms, basic_altar
D:3:      layout_rooms

Skill      XL: |  1  2 |
---------------+-------+-----
Dodging        | 3 4 |  4.0
Fighting       | |  1.5
Ranged Weapons | |  4.8
Stealth        | |  1.5

Action                     || total
---------------------------++-------
   Fire: Shortbow          ||   111
    Use: Scroll            ||     7
         Potion            ||     1
 Armour: Robe              ||     8
  Dodge: Dodged            ||    36

Table legend:
 A = Non-vault XP
 B = Vault XP
 C = Vault XP percentage of total XP
 D = Non-vault monster count
 E = Vault monster count
 F = Vault count percentage of total count
                 A         B        C        D         E       F
            +---------+---------+-------+---------+---------+-------
      Total |      69 |       5 |   6.8 |      32 |       5 |  13.5
            +---------+---------+-------+---------+---------+-------
        D:1 |      24 |       5 |  17.2 |      14 |       5 |  26.3
        D:2 |      28 |       0 |   0.0 |      14 |       0 |   0.0
        D:3 |      17 |       0 |   0.0 |       4 |       0 |   0.0
            +---------+---------+-------+---------+---------+-------
